 Dungeon Crawl Stone Soup version 0.31-a0-836-g3ceb0a68c4 (webtiles) character file.

Game seed: 12911719417785130080

56 PimpSugar the Magician (level 3, -2/26 HPs)
             Began as a Demonspawn Hedge Wizard on Sept 26, 2023.
             Slain by a hobgoblin (4 damage)
             ... on level 2 of the Dungeon.
             The game lasted 00:04:44 (1274 turns).

PimpSugar the Magician (Demonspawn Hedge Wizard)    Turns: 1274, Time: 00:04:48

Health: -2/26      AC:  2    Str: 10    XL:     3   Next: 71%
Magic:  7/8        EV: 12    Int: 17    God:
Gold:   62         SH:  0    Dex: 12    Spells: 6/9 levels left

rFire   + . .        a - +0 dagger
rCold   . . .        (no shield)
rNeg    . . .        b - +0 robe
rPois   .            c - +0 hat
rElec   .            (no cloak)
rCorr   .            (no gloves)
SInv    .            (no boots)
Will    +....        (no amulet)
Stlth   ++           n - ring of protection from fire
HPRegen 0.24/turn    (no ring)
MPRegen 0.22/turn

%: no passive effects
@: mighty, enlightened, flying
A: spiny 1, magic regeneration
a: no special abilities


You were on level 2 of the Dungeon.
You visited 1 branch of the dungeon, and saw 2 of its levels.

You collected 62 gold pieces.

Inventory:

Hand Weapons
 a - a +0 dagger (weapon)
Missiles
 f - 4 stones
 k - 4 poisoned darts
 l - 9 boomerangs
Armour
 b - a +0 robe (worn)
 c - a +0 hat (worn)
Jewellery
 n - a ring of protection from fire (left hand)
Scrolls
 g - a scroll of identify {unknown}
 i - a scroll of immolation {unknown}
Potions
 d - a potion of magic
 e - a potion of enlightenment
 h - a potion of might
 j - a potion of mutation {unknown}
 m - a potion of brilliance {unknown}


   Skills:
 + Level 1.1 Fighting
 - Level 1.7 Dodging
 - Level 1.7 Stealth
 * Level 3.6 Spellcasting
 + Level 1.8 Conjurations
 * Level 2.0 Summonings
 - Level 0.8 Translocations


You had 6 spell levels left.
You knew the following spells:

 Your Spells              Type           Power      Damage    Failure   Level
a - Magic Dart            Conj           36%        1d4       8%          1
b - Call Imp              Summ           18%        N/A       11%         2

Your spell library contained the following spells:

 Spells                   Type           Power      Damage    Failure   Level
 Slow                     Hex            12%        N/A       17%         1
 Blink                    Tloc           10%        N/A       17%         2
 Cigotuvi's Dreadful Rot  Necr/Pois/Air  6%         N/A       26%         2
 Mephitic Cloud           Conj/Pois/Air  5%         N/A       36%         3


Dungeon Overview and Level Annotations

Branches:
Dungeon (2/15)

Altars:


Innate Abilities, Weirdness & Mutations

You are partially covered in sharp spines.
You regenerate magic rapidly.


Message History

The gnoll is severely wounded.
The gnoll is struck by your spines. The gnoll hits you with a +0 spear.
The kobold barely misses you.
You hit the gnoll but do no damage.
The gnoll is almost dead.
The gnoll completely misses you. The kobold is struck by your spines.
You kill the kobold!
Casting: Call Imp (safe; 12% risk of failure)
Confirm with . or Enter, or press ? or * to list all spells.
A tiny devil pulls itself out of the air.
The gnoll is struck by your spines.
You kill the gnoll!
Your Summonings skill increases to level 2!
Your cerulean imp barely misses the gnoll.
You hit the gnoll but do no damage. The gnoll is struck by your spines.
The gnoll barely misses you.
Your cerulean imp barely misses the gnoll.
You hit the gnoll.
The gnoll is heavily wounded.
Your cerulean imp barely misses the gnoll.
You hit the gnoll.
The gnoll is severely wounded.
The gnoll hits you with a +0 whip.
* * * LOW HITPOINT WARNING * * *
The gnoll closely misses you.
Your cerulean imp hits the gnoll but does no damage.
It was a potion of might.
You feel very mighty all of a sudden. The gnoll misses you.
The gnoll is struck by your spines. The gnoll barely misses you.
The hobgoblin is struck by your spines. The hobgoblin misses you.
Your cerulean imp hits the gnoll from afar with a -4 spear.
It was a potion of enlightenment.
You feel very buoyant.
You fly up into the air.
The gnoll is struck by your spines.
You kill the gnoll!
The gnoll hits you with a +0 whip.
* * * LOW HITPOINT WARNING * * *
The hobgoblin is struck by your spines. The hobgoblin hits you.
You die...

#................#.####
####..........†.........
........†..........†....
........................
........................
........5.#########.....
..#..).........# ####.#
. #..g)......... ...
....#.#@#.#.#.#.. .... .
.#..g#!).#...# ....
#.#.#.#.#.#.#.#
....#...#...#S..
..#.#.#.# #.#.#.#
...#...# #...#. ..#.#.#
#.#.# .....# #... .#.#
#.#


You could see a gnoll, a hobgoblin and a friendly cerulean imp (summoned).

Vanquished Creatures
  2 gnolls (D:2)
  An adder (D:2)
  A dart slug (D:1)
  An endoplasm (D:2)
  A giant cockroach (D:2)
  6 goblins
  A hobgoblin (D:1)
  3 kobolds
  A quokka (D:2)
  3 ball pythons
  5 bats
  A frilled lizard (D:1)
  A rat (D:1)
27 creatures vanquished.

Vanquished Creatures (collateral kills)
  An endoplasm (D:1)
  A goblin (D:1)
  2 kobolds (D:1)
  A quokka (D:1)
  A ball python (D:1)
  A rat (D:1)
7 creatures vanquished.

Grand Total: 34 creatures vanquished

Notes
Turn   | Place    | Note
-------+----------+-------------------------------------------
     0 | D:1      | PimpSugar the Demonspawn Hedge Wizard began the quest for
                  | the Orb.
     0 | D:1      | Reached XP level 1. HP: 13/13 MP: 4/4
   220 | D:1      | Gained mutation: You regenerate magic rapidly. [demonic
                  | ancestry]
   220 | D:1      | Reached XP level 2. HP: 18/20 MP: 0/6
   274 | D:1      | Found a faded altar of an unknown god.
   280 | D:1      | Learned a level 2 spell: Call Imp
  1164 | D:2      | Gained mutation: You are partially covered in sharp spines.
                  | [demonic ancestry]
  1164 | D:2      | Reached XP level 3. HP: 25/25 MP: 7/7
  1254 | D:2      | Reached skill level 1 in Fighting
  1274 | D:2      | Slain by a hobgoblin

Illustrated notes

Levels and vault maps discovered:
D:1:      roderic_dead_forest, layout_loops_ring,
          hellmonk_ecumenical_altar_arch_garden
D:2:      layout_basic, kennysheep_crisscross, nrook_loot_triangle

Skill      XL: |  1  2  3 |
---------------+----------+-----
Fighting       | 1 |  1.1
Summonings     | 2 |  2.0
Dodging        | |  1.7
Stealth        | |  1.7
Spellcasting   | |  3.6
Conjurations   | |  1.8
Translocations | |  0.8

Action                     || total
---------------------------++-------
  Melee: Dagger            ||    57
         Punch             ||     1
   Cast: Magic Dart        ||    30
         Call Imp          ||     8
    Use: Scroll            ||     1
         Potion            ||     2
 Armour: Robe              ||    40
  Dodge: Dodged            ||    40

Table legend: (Time is in decaauts)
 A = Elapsed time spent in this place.
 B = Non-inter-level travel time spent in this place.
 C = Inter-level travel time spent in this place.
 D = Time resting spent in this place.
 E = Time spent auto-exploring this place.
 F = Levels seen in this place.
 G = Mean time per level.
                   A        B        C        D        E       F      G
               +--------+--------+--------+--------+--------+-----+--------+
         Total |   1273 |   1078 |    195 |     59 |    662 |   2 |  636.5 |
       Dungeon |   1273 |   1078 |    195 |     59 |    662 |   2 |  636.5 |
               +--------+--------+--------+--------+--------+-----+--------+

Top non-repeatable levels by time:
     D:1: 1107 daAuts
     D:2: 166 daAuts
